 Dungeon Crawl Stone Soup version 0.25-a0-458-g6fc7858b95 (webtiles) character file.

Game seed: 8741228201848407594, levelgen mode: deterministic

17439 Error4North the Cleaver (level 12, -2/100 HPs)
             Began as a Hill Orc Fighter on Feb 3, 2020.
             Was a High Priest of Okawaru.
             Slain by a hellwing (13 damage)
             ... summoned by an orc high priest
             ... on level 2 of the Orcish Mines.
             The game lasted 01:14:23 (13302 turns).

Error4North the Cleaver (Hill Orc Fighter)         Turns: 13302, Time: 01:14:25

Health: -2/100     AC:  4    Str: 34    XL:     12   Next: 48%
Magic:  18/28      EV: 17    Int: 11    God:    Okawaru [*****.]
Gold:   594        SH: 17    Dex: 19    Spells: 15/20 levels left

rFire    . . .     SeeInvis .   G - +2 hand axe "Laideappo" {vorpal, +Inv rElec Str+7}
rCold    x . .     Gourm    .   L - +1 shield
rNeg     . . .     Faith    .   I - +3 scale mail of Okawaru's Hope {rElec Str+4 Stlth+}
rPois    .         Spirit   .   o - +2 hat
rElec    +         Reflect  .   R - +0 cloak {+Inv}
rCorr    .         Harm     .   D - +0 pair of gloves
MR       .....                  B - +1 pair of boots
Stlth    +++++.....             z - amulet of Zaad {Acrobat rC- MP+9 Int+2}
HPRegen  0.26/turn              C - ring of No Interval {+Inv rC- EV+1 Dex+9 Stlth+}
MPRegen  0.21/turn              U - ring of protection from cold

@: heroism, finesse, weakened, corroded, very slightly contaminated, studying
Ice Magic, invisible
A: no striking features
a: Heroism, Finesse, Renounce Religion, Convert to Beogh


You were on level 2 of the Orcish Mines.
You worshipped Okawaru.
Okawaru was extremely pleased with you.
You were not hungry.

You visited 3 branches of the dungeon, and saw 14 of its levels.
You also visited: Bailey.

You collected 2376 gold pieces.
You spent 1782 gold pieces at shops.

Inventory:

Hand Weapons
 b - a +1 flail of holy wrath
 G - the +2 hand axe "Laideappo" (weapon) {vorpal, +Inv rElec Str+7}
   (You found it on level 7 of the Dungeon)

   It inflicts extra damage upon your enemies.
   It affects your strength (+7).
   It insulates you from electricity.
   It lets you turn invisible.
Missiles
 y - 7 boomerangs (quivered)
Armour
 o - a +2 hat (worn)
 B - a +1 pair of boots (worn)
 D - a +0 pair of gloves (worn)
 I - the +3 scale mail of Okawaru's Hope (worn) {rElec Str+4 Stlth+}
   (You took it off a gnoll sergeant on level 6 of the Dungeon)

   It affects your strength (+4).
   It insulates you from electricity.
   It makes you more stealthy.
   If you remove this armour, your AC will fall 12 points (4 -> -8)
 L - a +1 shield (worn)
 R - a +0 cloak of invisibility (worn)
Jewellery
 a - an uncursed ring of resist corrosion
 z - the amulet of Zaad (around neck) {Acrobat rC- MP+9 Int+2}
   (You bought it in a shop on level 2 of the Orcish Mines)

   [amulet of the acrobat]

   It helps you evade while moving and waiting.
   It affects your intelligence (+2).
   It makes you vulnerable to cold.
   It affects your magic capacity (+9).
 C - the ring of No Interval (left hand) {+Inv rC- EV+1 Dex+9 Stlth+}
   (You took it off a gnoll sergeant on level 6 of the Dungeon)

   [ring of evasion]

   It affects your evasion (+1).
   It affects your dexterity (+9).
   It makes you vulnerable to cold.
   It lets you turn invisible.
   It makes you more stealthy.
 H - a +5 ring of intelligence
 U - a ring of protection from cold (right hand)
Wands
 d - a wand of flame (11)
 p - a wand of acid (10)
 r - a wand of iceblast (6)
 w - a wand of polymorph (30)
 Q - a wand of digging (3)
 S - a wand of paralysis (1)
Scrolls
 e - 8 scrolls of magic mapping
 g - 3 scrolls of blinking {unknown}
 h - a scroll of identify
 i - 5 scrolls of teleportation {unknown}
 n - a scroll of amnesia {unknown}
 q - 2 scrolls of enchant armour {unknown}
 s - a scroll of enchant weapon {unknown}
 u - 3 scrolls of noise {unknown}
 v - 2 scrolls of fear {unknown}
 A - a scroll of fog {unknown}
 F - 3 scrolls of remove curse {unknown}
 J - a scroll of summoning {unknown}
 K - a scroll of random uselessness {unknown}
 N - 2 scrolls of vulnerability {unknown}
Potions
 c - a potion of invisibility
 j - a potion of magic {unknown}
 k - 2 potions of resistance
 l - 5 potions of brilliance
 m - 4 potions of curing
 x - a potion of haste {unknown}
 E - a potion of cancellation
 O - 3 potions of berserk rage {unknown}
 P - 2 potions of lignification {unknown}
Books
 M - a manual of Ice Magic
Miscellaneous
 t - a fan of gales
 V - a box of beasts
 W - a phantom mirror
Comestibles
 f - 14 rations


   Skills:
 * Level 7.6(12.6) Fighting
 + Level 11.1(16.1) Axes
 + Level 1.2(11.0) Maces & Flails
 + Level 3.3(8.3) Throwing
 * Level 8.0(13.0) Armour
 + Level 2.2(7.2) Dodging
 + Level 2.4(7.4) Stealth
 * Level 9.8(14.8) Shields
 + Level 0.1(5.1) Unarmed Combat
 * Level 4.8 Spellcasting
 * Level 4.0 Hexes
 * Level 2.5 Charms
 * Level 4.7 Ice Magic
 * Level 2.6 Air Magic
 * Level 6.1 Invocations
 * Level 6.1 Evocations


You had 15 spell levels left.
You knew the following spells:

 Your Spells              Type           Power        Failure   Level  Hunger
a - Corona                Hex            ##.....      7%          1    None
b - Ensorcelled Hibernat  Hex/Ice        ##....       9%          2    ##.....
c - Swiftness             Chrm/Air       #.......     19%         2    ##.....

Your spell library contained the following spells:

 Spells                   Type           Power        Failure   Level  Hunger
 Confusing Touch          Hex            ##......     21%         3    ###....
 Tukima's Dance           Hex            ##......     21%         3    ###....
 Poisonous Vapours        Pois/Air       #.....       32%         2    ##.....
 Sting                    Tmut/Pois      #...         36%         1    None
 Dazzling Flash           Conj/Hex       #.....       43%         3    ###....
 Passwall                 Tmut/Erth      #.......     50%         2    ##.....
 Mephitic Cloud           Conj/Pois/Air  #.......     61%         3    ###....
 Ignite Poison            Fire/Tmut/Pois #.......     73%         3    ###....
 Olgreb's Toxic Radiance  Pois           #.......     98%         4    ####...
 Passage of Golubria      Tloc           N/A          98%         4    ####...
 Lee's Rapid Deconstruct  Erth           #.........   100%        5    ######.
 Darkness                 Hex            ##........   100%        6    #######
 Invisibility             Hex            ##......     100%        6    #######


Dungeon Overview and Level Annotations

Branches:
Dungeon (11/15)            Temple (1/1) D:5            Lair (0/6) D:9
    Orc (2/2) D:11         Bailey (visited)
    Elf: Orc:2

Altars:
Ashenzari
Cheibriados
Dithmenos
Elyvilon
Fedhas
Gozag
Hepliaklqana
Kikubaaqudgha
Makhleb
Nemelex Xobeh
Okawaru
Qazlal
Ru
Sif Muna
Trog
Uskayaw
Vehumet
Wu Jian
Xom
Yredelemnul
Zin
The Shining One
Beogh

Shops:
D:8 *:   Orc:2 *:%(}

Annotations:
D:6 exclusion: statue
D:9 3 runed translucent doors


Message History

You hit the rust devil but do no damage.
You hit the ufetubus but do no damage. You hit the ogre.
The rust devil hits you. The rust devil corrodes you!
Unknown command.
You hit the orc high priest but do no damage.
The orc high priest is heavily wounded.
You hit the ogre. You hit the ufetubus but do no damage.
You hit the rust devil but do no damage.
You hit the hellwing but do no damage. You block the ogre's attack.
The hellwing hits you!
* * * LOW HITPOINT WARNING * * *
The hellwing hits you.
* * * LOW HITPOINT WARNING * * *
It was a potion of invisibility.
You fade into invisibility!
You block the ufetubus's attack. The ufetubus barely misses you.
The orc high priest completely misses you.
You block the ufetubus's attack. The ufetubus closely misses you.
You block the rust devil's attack. The hellwing hits you!
You die...

... #.. ................
.... ##. .................
#..#.. .................
##...# .................
#....∩ .................
##...# .........3.......
#..#.. ........44o......
.... ##. ........†@O......
... .. .......)5........
.. ..# .......).).......#.
..## .........).......##
... .........)........#
....
...................#######
..........................
.......................###
........................##


You could see an orc high priest, a hellwing, a rust devil, a ynoxinul, an ogre
and an ufetubus.

Vanquished Creatures
  A two-headed ogre (D:11)
  A centaur warrior (D:10)
  A catoblepas (D:10)
  3 orc high priests (Orc:2)
  The ghost of Yorgos the Shield-Bearer, a novice GnFi (D:6)
  Pikel (D:9)
  A deep elf mage (D:10)
  2 orc sorcerers (Orc:2)
  A cyclops (D:11)
  Joseph (D:9)
  A freezing wraith (D:10)
  2 trolls (D:10)
  A hornet (D:10)
  Grinder (D:5)
  A spriggan (D:7)
  6 yaks (D:11)
  A hungry ghost (D:5)
  3 wargs
  An acid dragon (D:10)
  A water moccasin (D:6)
  17 orc warriors
  3 sky beasts
  A slave (D:9)
  5 ice beasts
  3 black bears
  14 ogres
  4 centaurs
  A big kobold (D:8)
  12 bullfrogs
  2 gnoll sergeants (D:6)
  2 scorpions
  2 electric eels
  5 howler monkeys
  3 crimson imps
  2 centaur zombies
  A bullfrog zombie (D:7)
  6 hounds
  A quasit (D:6)
  A gnoll shaman (D:6)
  3 jellies
  27 orc priests
  4 centaur skeletons
  Natasha (thrice) (D:2)
  2 iguanas (D:6)
  11 orc wizards
  Ijyb (D:3)
  5 worker ants
  2 hound zombies
  A hound skeleton (D:4)
  12 gnolls
  11 adders
  5 shadow imps
  An adder skeleton (D:9)
  4 worms
  4 dart slugs
  7 leopard geckos
  57 orcs
  14 bats
  8 giant cockroaches
  13 goblins
  17 hobgoblins
  13 jackals
  4 quokkas
  A ball python (D:2)
  7 frilled lizards
  A giant cockroach zombie (D:5)
  21 kobolds
  A leopard gecko skeleton (D:8)
  A quokka skeleton (D:6)
  2 quokka zombies
  7 rats
386 creatures vanquished.

Vanquished Creatures (others)
  6 plants (D:6)
6 creatures vanquished.

Grand Total: 392 creatures vanquished

Notes
Turn   | Place    | Note
-------+----------+-------------------------------------------
     0 | D:1      | Error4North the Hill Orc Fighter began the quest for the
                  | Orb.
     0 | D:1      | Reached XP level 1. HP: 19/19 MP: 1/1
    88 | D:1      | Reached XP level 2. HP: 20/27 MP: 2/2
   141 | D:1      | Reached skill level 3 in Axes
   242 | D:1      | Reached XP level 3. HP: 33/33 MP: 3/3
   618 | D:2      | Noticed Natasha
   654 | D:2      | Killed Natasha
   654 | D:2      | Reached skill level 4 in Axes
   654 | D:2      | Reached XP level 4. HP: 29/40 MP: 4/4
   685 | D:2      | Noticed Natasha
   698 | D:2      | Killed Natasha
   780 | D:2      | Noticed Natasha
   790 | D:2      | Killed Natasha
   790 | D:2      | Reached XP level 5. HP: 25/47 MP: 5/5
  1753 | D:3      | Noticed an ogre
  1815 | D:3      | Killed an ogre
  1815 | D:3      | Reached skill level 5 in Axes
  1815 | D:3      | Reached skill level 5 in Shields
  1815 | D:3      | Reached XP level 6. HP: 51/53 MP: 6/6
  2053 | D:3      | Noticed Ijyb
  2060 | D:3      | Killed Ijyb
  2444 | D:4      | Reached skill level 5 in Fighting
  2483 | D:4      | Reached skill level 1 in Evocations
  2733 | D:4      | Reached XP level 7. HP: 61/61 MP: 8/8
  2960 | D:4      | Reached skill level 1 in Spellcasting
  3050 | D:4      | Reached skill level 6 in Axes
  3440 | D:5      | Entered Level 5 of the Dungeon
  3475 | D:5      | Found a staircase to the Ecumenical Temple.
  3484 | Temple   | Entered the Ecumenical Temple
  3528 | Temple   | Became a worshipper of Warmaster Okawaru
  3542 | D:5      | Reached skill level 1 in Dodging
  3772 | D:5      | Reached XP level 8. HP: 66/68 MP: 10/10
  3826 | D:5      | Noticed Grinder
  3854 | D:5      | Killed Grinder
  3917 | D:5      | Reached skill level 1 in Throwing
  3917 | D:5      | Reached skill level 5 in Armour
  3922 | D:5      | Reached skill level 7 in Axes
  3954 | D:5      | Reached * piety under Okawaru
  4615 | D:6      | Found a snail-covered altar of Cheibriados.
  4714 | D:6      | Reached skill level 8 in Axes
  4714 | D:6      | Reached XP level 9. HP: 48/74 MP: 12/12
  4945 | D:6      | Found a transporter.
  4953 | D:6      | Reached skill level 1 in Maces & Flails
  4953 | D:6      | Identified the +3 scale mail of Okawaru's Hope {rElec Str+4
                  | Stlth+}
  5104 | D:6      | Found a radiant altar of Vehumet.
  5147 | D:6      | Reached ** piety under Okawaru
  5493 | D:6      | Identified the ring of No Interval {+Inv rC- EV+1 Dex+9
                  | Stlth+}
  5515 | D:6      | Noticed Yorgos's ghost (novice GnFi)
  5540 | D:6      | Found a transporter.
  5726 | D:6      | Killed Yorgos's ghost
  5726 | D:6      | Reached skill level 1 in Stealth
  5726 | D:6      | Reached skill level 1 in Invocations
  5979 | D:6      | Learned a level 1 spell: Corona
  6178 | D:7      | Reached skill level 9 in Axes
  6223 | D:7      | Found a flagged portal.
  6244 | D:7      | Got a fine hand axe
  6254 | D:7      | Identified the +2 hand axe "Laideappo" {vorpal, +Inv rElec
                  | Str+7} (You found it on level 7 of the Dungeon)
  6261 | Bailey   | Entered a bailey
  6311 | Bailey   | Reached *** piety under Okawaru
  6311 | Bailey   | Reached XP level 10. HP: 51/83 MP: 14/14
  6448 | Bailey   | Reached skill level 1 in Ice Magic
  6449 | Bailey   | Found an iron altar of Okawaru.
  7474 | D:8      | Found Xugepeh's Assorted Antiques.
  7492 | D:8      | Reached skill level 1 in Hexes
  7498 | D:8      | Bought a runed cloak for 157 gold pieces
  7715 | D:8      | Learned a level 2 spell: Ensorcelled Hibernation
  7725 | D:8      | Reached **** piety under Okawaru
  7767 | D:8      | Found Cuoquoto's Book Boutique.
  7774 | D:8      | Bought a book of Burglary for 825 gold pieces
  7777 | D:8      | Learned a level 2 spell: Swiftness
  7884 | D:8      | Found a sacrificial altar of Ru.
  7884 | D:8      | Found a glowing golden altar of the Shining One.
  7889 | D:8      | Found a faded altar of an unknown god.
  7891 | D:8      | Found a bloodstained altar of Trog.
  7893 | D:8      | Found a faded altar of an unknown god.
  7982 | D:8      | Found a shimmering blue altar of Sif Muna.
  7982 | D:8      | Found a glowing silver altar of Zin.
  8270 | D:9      | Noticed Pikel
  8295 | D:9      | Killed Pikel
  8405 | D:9      | Found a staircase to the Lair.
  8656 | D:9      | Found a runed translucent gate.
  8656 | D:9      | Found a runed translucent gate.
  8657 | D:9      | Found a runed translucent gate.
  8658 | D:9      | Noticed a red ugly thing
  8659 | D:9      | Noticed a cyan ugly thing
  8659 | D:9      | Noticed a brown very ugly thing
  8659 | D:9      | Noticed a red ugly thing
  8659 | D:9      | Noticed a red ugly thing
  8659 | D:9      | Noticed a green ugly thing
  8661 | D:9      | Noticed a glowing orange brain
  8714 | D:9      | Noticed Joseph
  8728 | D:9      | Killed Joseph
  8777 | D:9      | Found a burning altar of Makhleb.
  8997 | D:10     | Entered Level 10 of the Dungeon
  9071 | D:10     | Reached ***** piety under Okawaru
  9071 | D:10     | Reached XP level 11. HP: 42/91 MP: 16/16
  9457 | D:10     | Paralysed by a hornet for 2 turns
  9601 | D:10     | Reached skill level 10 in Axes
 10073 | D:10     | Noticed a centaur warrior
 10084 | D:10     | Killed a centaur warrior
 10084 | D:10     | Reached skill level 1 in Charms
 10084 | D:10     | Reached skill level 5 in Evocations
 10098 | D:10     | Noticed a catoblepas
 10135 | D:10     | Killed a catoblepas
 10135 | D:10     | Received a gift from Okawaru
 10135 | D:10     | Reached skill level 1 in Air Magic
 10603 | D:10     | Noticed a deep elf mage
 10616 | D:10     | Killed a deep elf mage
 10616 | D:10     | Reached skill level 5 in Invocations
 10622 | D:10     | Noticed a fire giant
 10622 | D:10     | Noticed an ettin
 11026 | D:11     | Found a staircase to the Orcish Mines.
 11355 | D:11     | Noticed a two-headed ogre
 11361 | D:11     | Killed a two-headed ogre
 11577 | D:11     | Noticed a cyclops
 11590 | D:11     | Killed a cyclops
 11590 | D:11     | Received a gift from Okawaru
 12327 | Orc:1    | Entered Level 1 of the Orcish Mines
 12354 | Orc:1    | Reached XP level 12. HP: 100/100 MP: 11/18
 12453 | Orc:2    | Entered Level 2 of the Orcish Mines
 12602 | Orc:2    | Noticed an orc high priest
 12613 | Orc:2    | Noticed an orc high priest
 12625 | Orc:2    | Killed an orc high priest
 12641 | Orc:2    | Killed an orc high priest
 12684 | Orc:2    | HP: 5/100 [orc priest/divine providence (10)]
 13024 | Orc:2    | Found Jewottirgh's Gadget Shoppe.
 13024 | Orc:2    | Found Athaurgh's Assorted Antiques.
 13024 | Orc:2    | Found Fuhybry's Antique Weapon Shoppe.
 13027 | Orc:2    | Found Ruerung's Food Emporium.
 13040 | Orc:2    | Bought a potion of curing for 90 gold pieces
 13040 | Orc:2    | Bought a translucent diamond amulet for 150 gold pieces
 13040 | Orc:2    | Identified the amulet of Zaad {Acrobat rC- MP+9 Int+2} (You
                  | bought it in a shop on level 2 of the Orcish Mines)
 13046 | Orc:2    | Bought a fan of gales for 560 gold pieces
 13084 | Orc:2    | Found Ubaedepn's Book Shoppe.
 13112 | Orc:2    | Found a roughly hewn altar of Beogh.
 13133 | Orc:2    | Reached skill level 11 in Axes
 13142 | Orc:2    | Noticed an orc high priest
 13240 | Orc:2    | Noticed a sun demon
 13249 | Orc:2    | Noticed an orc high priest
 13279 | Orc:2    | Killed an orc high priest
 13302 | Orc:2    | Slain by a hellwing

Levels and vault maps discovered:
D:1:      dpeg_arrival_rooms_a, layout_rooms
D:2:      layout_loops_ring, uniq_natasha
D:3:      layout_loops_corners, first_ration, uniq_ijyb
D:4:      layout_rooms, grunt_ministairs_8
D:5:      corexii_shack_village, layout_basic, minmay_temple_entry_grid,
          uniq_grinder
D:6:      layout_loops_cross, slow_altar_1, vehumet_statue,
          gammafunk_ghost_gnarly_gnolls, minmay_misc_feat_columns,
          minmay_manual_mandibuliform
D:7:      layout_gridville, enter_bailey_2, serial_bayou_ford_a,
          hangedman_decor_diamond_cutter, the_bakery
D:8:      layout_cave_pools, gammafunk_temple_overflow_elements,
          chequers_temple_overflow_minitemple, serial_shops, shop, shop,
          minmay_misc_feat_nine_boxes, fungi_pond_lemuel
D:9:      layout_loops_ring, makhleb_heckhound_becter, lair_entry_dummy,
          ploomutoo_gammafunk_ghost_potion_laboratory, uniq_joseph, uniq_pikel
D:10:     minmay_sliced_demisemicircle, layout_stronghold
D:11:     layout_layer_cave, erik_orc_3
Temple:   eino_temple_lava
Orc:1:    layout_caves, serial_shops, shop
Orc:2:    st_orc_mages, layout_diamond_mine, serial_shops, shop, mines2_david

Skill      XL: |  1  2  3  4  5  6  7  8  9 10 11 12 |
---------------+-------------------------------------+-----
Axes           | 3 4 5 6 8 9 10 11 | 11.1
Fighting       | 4 5 6 7 |  7.6
Shields        | 4 5 6 7 8 9 |  9.8
Armour         | 4 5 6 7 8 |  8.0
Evocations     | 1 2 3 4 5 6 |  6.1
Spellcasting   | 1 2 3 4 |  4.8
Dodging        | 1 2 |  2.2
Throwing       | 1 2 3 |  3.3
Maces & Flails | 1 |  1.2
Stealth        | 1 2 |  2.4
Invocations    | 2 4 5 6 |  6.1
Ice Magic      | 3 4 |  4.7
Hexes          | 2 3 4 |  4.0
Charms         | 1 2 |  2.5
Air Magic      | 2 |  2.6
Unarmed Combat | |  0.1

Action                   |  1- 3 |  4- 6 |  7- 9 | 10-12 || total
-------------------------+-------+-------+-------+-------++-------
Melee: War axe           |   107 |   197 |   353 |       ||   657
       Flail             |       |       |    20 |       ||    20
       Hand axe          |       |       |    10 |   598 ||   608
       Unarmed           |       |       |       |     5 ||     5
Throw: Boomerang         |       |       |    46 |   125 ||   171
Invok: Heroism           |       |       |     2 |    14 ||    16
       Finesse           |       |       |       |     7 ||     7
 Abil: Evoke Invisibilit |       |       |     1 |     3 ||     4
Evoke: Wand              |       |       |       |     2 ||     2
  Use: Scroll            |       |     1 |     2 |     9 ||    12
       Potion            |       |       |     4 |     6 ||    10
 Stab: Sleeping          |       |       |       |     5 ||     5
       Confused          |       |       |       |     1 ||     1
       Invisible         |       |       |       |    23 ||    23
       Distracted        |       |       |       |     2 ||     2
  Eat: Chunk             |       |     6 |     8 |     8 ||    22
       Ration            |       |       |     3 |     5 ||     8
Armor: Scale mail        |    81 |       |    10 |   132 ||   223
       Chain mail        |     2 |   113 |   178 |       ||   293
Dodge: Dodged            |    42 |    55 |   116 |   201 ||   414
Block: Shield            |    79 |   117 |   228 |   379 ||   803

Table legend:
 A = Non-vault XP
 B = Vault XP
 C = Vault XP percentage of total XP
 D = Non-vault monster count
 E = Vault monster count
 F = Vault count percentage of total count
                 A         B        C        D         E       F
            +---------+---------+-------+---------+---------+-------
      Total |   12240 |   12673 |  50.9 |     259 |     126 |  32.7
            +---------+---------+-------+---------+---------+-------
        D:1 |      56 |       0 |   0.0 |      31 |       0 |   0.0
        D:2 |     137 |      36 |  20.8 |      28 |       1 |   3.4
        D:3 |     181 |      35 |  16.2 |      20 |       1 |   4.8
        D:4 |     514 |      88 |  14.6 |      18 |       5 |  21.7
        D:5 |     633 |     479 |  43.1 |      22 |      14 |  38.9
        D:6 |     942 |    1323 |  58.4 |      24 |      17 |  41.5
        D:7 |     751 |     229 |  23.4 |      14 |       1 |   6.7
        D:8 |    1411 |       0 |   0.0 |      27 |       0 |   0.0
        D:9 |     495 |    1094 |  68.8 |       7 |       3 |  30.0
       D:10 |    1718 |    3309 |  65.8 |      20 |       7 |  25.9
       D:11 |    3437 |     682 |  16.6 |      24 |      17 |  41.5
      Orc:1 |     475 |       0 |   0.0 |       6 |       0 |   0.0
      Orc:2 |    1490 |    4961 |  76.9 |      18 |      44 |  71.0
     Bailey |       0 |     437 | 100.0 |       0 |      16 | 100.0
            +---------+---------+-------+---------+---------+-------
